 Dungeon Crawl Stone Soup version 0.17.0-24-gcfadda4 (console) character file.

370 gw the Insei (level 6, -8/55 HPs)
             Began as a Naga Transmuter on Nov 17, 2015.
             Was a Believer of Cheibriados.
             Mangled by gw's ghost (13 damage)
             ... on level 4 of the Dungeon.
             The game lasted 00:03:57 (5200 turns).

gw the Insei (Naga Transmuter)                      Turns: 5200, Time: 00:03:57

Health: -8/55      AC:  3    Str: 16    XL:     6   Next: 70%
Magic:  11/11      EV: 10    Int: 19    God:    Cheibriados [**....]
Gold:   233        SH:  0    Dex: 16    Spells: 3 memorised, 3 levels left

rFire  . . .     SeeInvis +       - Unarmed
rCold  . . .     Clarity  .     i - +0 leather armour (curse)
rNeg   . . .     SustAt   .     (no shield)
rPois  +         Gourm    .     (no helmet)
rElec  .         Spirit   .     (no cloak)
rCorr  .         Warding  .     (no gloves)
rMut   .         Stasis   .     (no barding)
MR     .....                    (no amulet)
Stlth  +.........               (no ring)
                                (no ring)

@: short of breath, appendage, very slow, not resistant to hostile enchantments,
very unstealthy
A: horns 2, see invisible, deformed body, poison resistance, slowness 2, slow
metabolism 1, spit poison 2, AC +2
a: Spit Poison, End Transformation, Bend Time, Renounce Religion


You were on level 4 of the Dungeon.
You worshipped Cheibriados.
Cheibriados was pleased with you.
You were hungry.
You had grown temporary horns.
You visited 1 branch of the dungeon, and saw 4 of its levels.

You collected 233 gold pieces.

Inventory:

Missiles
 a - 72 arrows
 e - 64 stones (quivered)
 h - 15 poisoned needles
 m - 4 arrows of flame
Armour
 i - a cursed +0 leather armour (worn)
Scrolls
 k - a scroll of identify
 l - a scroll of fear {unknown}
 o - a scroll of remove curse
Potions
 g - a potion of curing
Books
 c - a book of Changes

   Spells                             Type                      Level
   a - Beastly Appendage              Transmutation                1
   b - Sticks to Snakes               Transmutation                2
   c - Spider Form                    Transmutation/Poison         3
   d - Ice Form                       Ice/Transmutation            4
   e - Blade Hands                    Transmutation                5
Comestibles
 b - a meat ration
 d - 5 bread rations
 f - a beef jerky
 j - a royal jelly


   Skills:
 + Level 2.9 Fighting
 + Level 2.5 Dodging
 + Level 3.8 Unarmed Combat
 * Level 3.3 Spellcasting
 + Level 3.4 Transmutations
 + Level 2.2 Invocations


You had 3 spell levels left.
You knew the following spells:

 Your Spells              Type           Power        Failure   Level  Hunger
a - Beastly Appendage     Trmt           ###...       6%          1    None
b - Spider Form           Trmt/Pois      #.........   28%         3    ###....
c - Ice Form              Ice/Trmt       #.......     85%         4    ####...


Dungeon Overview and Level Annotations

Branches:
Dungeon (4/15)
 Temple: D:4-7

Altars:
Cheibriados
Nemelex Xobeh
Trog
Vehumet

Annotations:
D:4 gw's ghost, amateur TeCK


Innate Abilities, Weirdness & Mutations

You cannot wear boots.
Your serpentine skin is tough (AC +2).
You have supernaturally acute eyesight.
Armour fits poorly on your strangely shaped body.
Your system is resistant to poisons.
You cover ground very slowly.
You have a slow metabolism.
You can spit poison.
You have a pair of horns on your head.


Message History

ATTACKING (1,0)
You miss the phantom.
The phantom is heavily damaged.
The phantom hits you!
ATTACKING (1,0)
You hit the phantom. Your headbutt misses the phantom.
The phantom is heavily damaged.
The phantom hits you.
The phantom blinks!
Gw's ghost whispers, "You will understand me better in a moment."
ATTACKING (1,0)
You barely miss gw's ghost.
Gw's ghost is severely damaged.
You have got your breath back.
Gw's ghost closely misses you.
Press: ? - help, Shift-Dir - straight line, f/p - gw's ghost
Aim: gw's ghost (severely damaged)
The splash of poison hits gw's ghost.
Gw's ghost completely resists.
Gw's ghost is severely damaged.
You feel slightly more hungry. Gw's ghost hits you!
You die...

.# .# ## .# ... .# ..#
.#########.# #. ..###.
..)........# #.# ###...(.
.#############.# #....(##.
.##............###....?...
.##.######## #(.NW(W...(..
.##.# #.###........
....### #.###........
......# #............
#####.# #.######..... #.#
###.# #.... #.#
#...########... #.#
####<............# #.#
####.# #.....#.##########
#.#


You could see a phantom and gw's ghost.

Table legend:
 A = Turns spent in this place as a percentage of turns spent in the entire game.
 B = Non-inter-level travel turns spent in this place as a percentage of non-inter-level travel turns spent in the entire game.
 C = Inter-level travel turns spent in this place as a percentage of turns spent in this place.
 D = Turns resting spent in this place as a percentage of non-inter-level travel turns spent in this place.
 E = Turns spent auto-exploring this place as a percentage of non-inter-level travel turns spent in this place.
 F = Non-inter-level travel turns spent in this place divided by the number of levels of this place that you've seen.
                   A       B       C       D       E      F
               +-------+-------+-------+-------+-------+----------------------
         Total | 100.0 | 100.0 |   0.4 |   3.1 |   2.3 | 1341.8
       Dungeon | 100.0 | 100.0 |   0.4 |   3.1 |   2.3 | 1341.8
               +-------+-------+-------+-------+-------+----------------------

Table legend:
 A = Kills in this place as a percentage of kills in entire the game.
 B = Kills by you in this place as a percentage of kills by you in the entire game.
 C = Kills by friends in this place as a percentage of kills by friends in the entire game.
 D = Other kills in this place as a percentage of other kills in the entire game.
 E = Experience gained in this place as a percentage of experience gained in the entire game.
 F = Experience gained in this place divided by the number of levels of this place that you have seen.
                   A       B       C       D       E      F
               +-------+-------+-------+-------+-------+----------------------
         Total | 100.0 | 100.0 |  -nan |  -nan | 100.0 | 132.2
       Dungeon | 100.0 | 100.0 |  -nan |  -nan | 100.0 | 132.2
               +-------+-------+-------+-------+-------+----------------------

Vanquished Creatures
  An ogre (D:4)
  A giant frog (D:3)
  A hound (D:4)
  A worker ant (D:4)
  2 centaur skeletons (D:4)
  An iguana (D:4)
  An adder (D:2)
  3 oozes
  A worm (D:3)
  3 giant geckos
  5 orcs (D:3)
  6 bats
  5 giant cockroaches
  5 hobgoblins
  9 kobolds
  2 quokkas (D:2)
  3 ball pythons
  A ball python skeleton (D:4)
  2 giant newts
  9 goblins
  4 rats
66 creatures vanquished.

Notes
Turn   | Place    | Note
--------------------------------------------------------------
     0 | D:1      | gw the Naga Transmuter began the quest for the Orb.
     0 | D:1      | Reached XP level 1. HP: 18/18 MP: 3/3
   311 | D:1      | Reached XP level 2. HP: 25/25 MP: 3/5
  1214 | D:1      | Reached XP level 3. HP: 31/31 MP: 4/6
  1246 | D:1      | Learned a level 3 spell: Spider Form
  1460 | D:2      | Found a radiant altar of Vehumet.
  1974 | D:2      | Found a snail-covered altar of Cheibriados.
  1975 | D:2      | Found a sparkling altar of Nemelex Xobeh.
  1980 | D:2      | Became a worshipper of Cheibriados the Contemplative
  2219 | D:2      | HP: 1/32 [quokka (1)]
  2830 | D:2      | Reached XP level 4. HP: 29/39 MP: 5/7
  3268 | D:3      | Reached * piety under Cheibriados
  3972 | D:3      | Noticed a giant frog
  3985 | D:3      | Killed a giant frog
  3985 | D:3      | Reached skill level 1 in Invocations
  3985 | D:3      | Reached XP level 5. HP: 29/46 MP: 7/9
  4082 | D:3      | Learned a level 4 spell: Ice Form
  4345 | D:4      | Noticed a phantom
  4377 | D:4      | Noticed an ogre
  4384 | D:4      | Killed an ogre
  4384 | D:4      | Reached XP level 6. HP: 16/55 MP: 8/10
  4704 | D:4      | Found a bloodstained altar of Trog.
  4765 | D:4      | Reached ** piety under Cheibriados
  5178 | D:4      | Noticed gw's ghost (amateur TeCK)
  5200 | D:4      | Mangled by gw's ghost

Action                   |  1- 3 |  4- 6 || total
-------------------------+-------+-------++-------
Melee: Unarmed           |   130 |   142 ||   272
Throw: Stone             |    51 |    64 ||   115
 Cast: Beastly Appendage |    35 |    26 ||    61
 Abil: Spit Poison       |     2 |    22 ||    24
  Use: Scroll            |     3 |     2 ||     5
       Potion            |     2 |     3 ||     5
 Stab: Sleeping          |     1 |       ||     1
  Eat: Chunk             |     5 |     5 ||    10

Vault maps used:
D:1:      ncdulo_halloftheorcs
D:2:      lemuel_doored_altar, cheibriados_altar_1, lemuel_crystal_altar
D:4:      grunt_gozag_breadcrumbs, bloody_trog, first_bread
